 Dungeon Crawl Stone Soup version 0.21-a0-529-g8c7b3f5 (webtiles) character file.

3497 Amnesiac the Thaumaturge (level 9, 0/53 (54) HPs)
             Began as a Deep Elf Wizard on Dec 12, 2017.
             Was a Believer of Sif Muna.
             Slain by a two-headed ogre
             ... wielding a +0 giant club
              (6 damage)
             ... on level 8 of the Dungeon.
             The game lasted 00:15:27 (8286 turns).

Amnesiac the Thaumaturge (Deep Elf Wizard)          Turns: 8286, Time: 00:15:28

HP:   0/53 (54)     AC:  5    Str:  4    XL:     9   Next: 80%
MP:   4/28          EV: 15    Int: 27    God:    Sif Muna [**....]
Gold: 261           SH:  3    Dex: 13    Spells: 14/35 levels left

rFire    . . .     SeeInvis +   A - +0 hunting sling
rCold    . . .     Gourm    .   (no shield)
rNeg     . . .     Faith    .   a - +0 robe
rPois    .         Spirit   .   (no helmet)
rElec    .         Reflect  +   L - +0 cloak (curse)
rCorr    .         Harm     .   e - +1 pair of gloves
MR       .....                  (no boots)
Stlth    ++........             u - +3 amulet of reflection
HPRegen  0.17/turn              N - ring of see invisible
MPRegen  0.21/turn              K - ring of wizardry

@: very slightly contaminated, divine energy
A: no striking features
a: Stop Divine Energy, Renounce Religion


You were on level 8 of the Dungeon.
You worshipped Sif Muna.
Sif Muna was pleased with you.
You were not hungry.

You visited 2 branches of the dungeon, and saw 9 of its levels.

You collected 261 gold pieces.

Inventory:

Hand Weapons
 A - a +0 hunting sling (weapon)
 G - the +11 trident of the Seven Dreams {venom, *Rage Str+4 Dex+3, unknown}
   (You found it on level 6 of the Dungeon)

   It poisons the flesh of those it strikes.
   It affects your strength (+4).
   It affects your dexterity (+3).
   It may make you go berserk in combat.
Missiles
 x - 30 sling bullets (quivered)
 D - 13 poisoned needles
Armour
 a - a +0 robe (worn)
 e - a +1 pair of gloves (worn)
 L - a cursed +0 cloak (worn)
 P - a +0 buckler
Jewellery
 h - an uncursed ring of resist corrosion
 l - an uncursed ring of stealth
 p - an uncursed ring of fire
 u - a +3 amulet of reflection (around neck)
 K - a ring of wizardry (right hand)
 N - a ring of see invisible (left hand)
Wands
 m - a wand of enslavement (11)
 I - a wand of polymorph (9)
Scrolls
 f - 3 scrolls of fog {!r, unknown}
 g - 5 scrolls of teleportation {!r, unknown}
 i - 4 scrolls of amnesia {!r, unknown}
 k - 2 scrolls of enchant armour {!r, unknown}
 n - 4 scrolls of identify {!r}
 o - a scroll of fear {!r, unknown}
 t - 2 scrolls of enchant weapon {!r, unknown}
 v - 3 scrolls of magic mapping {!r, unknown}
 w - 2 scrolls of immolation {!r, unknown}
 y - 2 scrolls of noise {!r, unknown}
 F - a scroll of blinking {!r, unknown}
 J - a scroll of remove curse {!r, unknown}
Potions
 b - a potion of might {!q, unknown}
 j - a potion of heal wounds {!q, unknown}
 q - a potion of haste {!q, unknown}
 r - a potion of mutation {!q, unknown}
 s - 2 potions of lignification {!q, unknown}
 z - 4 potions of flight {!q, unknown}
 B - a potion of resistance {!q, unknown}
 M - a potion of degeneration {!q, unknown}
Books
 c - a book of Minor Magic

   Spells                             Type                      Level
   a - Magic Dart                     Conjuration                  1
   b - Blink                          Translocation                2
   c - Call Imp                       Summoning                    2
   d - Slow                           Hexes                        2
   e - Conjure Flame                  Conjuration/Fire             3
   f - Mephitic Cloud                 Conjuration/Poison/Air       3
 H - the Disquisition on Assistive Darkness
   (You found it on level 7 of the Dungeon)

   Spells                             Type                      Level
   a - Swiftness                      Charms/Air                   2
   b - Shroud of Golubria             Charms/Translocation         2
   c - Agony                          Necromancy                   5
   d - Dispel Undead                  Necromancy                   5
   e - Simulacrum                     Ice/Necromancy               6
Comestibles
 d - 3 bread rations
 C - 2 fruits
 E - 7 chunks of flesh


   Skills:
 - Level 5.5 Fighting
 - Level 5.6 Dodging
 - Level 2.4 Stealth
 + Level 13.7 Spellcasting
 - Level 5.0 Conjurations
 - Level 1.1 Summonings
 - Level 1.1 Translocations


You had 14 spell levels left.
You knew the following spells:

 Your Spells              Type           Power        Failure   Level  Hunger
a - Magic Dart            Conj           ####         1%          1    None
b - Call Imp              Summ           ###.....     1%          2    None
c - Agony                 Necr           ###.....     32%         5    ##.....
d - Dispel Undead         Necr           ###.....     32%         5    ##.....
e - Mephitic Cloud        Conj/Pois/Air  ####....     1%          3    None
s - Conjure Flame         Conj/Fire      ####....     1%          3    None
v - Blink                 Tloc           N/A          1%          2    None


Dungeon Overview and Level Annotations

Branches:
Dungeon (8/15)             Temple (1/1) D:5
   Lair: D:8-11

Altars:
Ashenzari
Dithmenos
Elyvilon
Fedhas
Gozag
Hepliaklqana
Kikubaaqudgha
Nemelex Xobeh
Okawaru
Qazlal
Sif Muna
Trog
Uskayaw
Wu Jian
Yredelemnul
The Shining One


Message History

A two-headed ogre is nearby!
Casting: Magic Dart
Confirm with . or Enter, or press ? or * to list all spells.
Aiming: Magic Dart
Press: ? - help, Shift-Dir - straight line, f - two-headed ogre
Aim: a two-headed ogre, wielding two giant clubs (hasn't noticed you)
The magic dart hits the two-headed ogre.
The two-headed ogre shouts in stereo!
Things that are here:
a giant club; a dire flail; a two-headed ogre skeleton
Casting: Magic Dart
Confirm with . or Enter, or press ? or * to list all spells.
Aiming: Conjure Flame
Press: ? - help, Dir - move target cursor, p - two-headed ogre The fire ignites!
Things that are here:
a giant club; a dire flail; a two-headed ogre skeleton
Casting: Conjure Flame
Confirm with . or Enter, or press ? or * to list all spells.
You don't know that spell.
Unknown command.
Casting: Conjure Flame
Confirm with . or Enter, or press ? or * to list all spells.
Okay, then.
Casting: Conjure Flame
Confirm with . or Enter, or press ? or * to list all spells.
Aiming: Agony
Press: ? - help, Shift-Dir - straight line, f - two-headed ogre
Aim: a two-headed ogre, wielding two giant clubs (flame, chance to defeat MR: 72%)
You miscast Agony.
Sif Muna protects you from the effects of your miscast!
The two-headed ogre is engulfed in blazing flames.
The two-headed ogre closely misses you. The two-headed ogre barely misses you.
Casting: Agony
Confirm with . or Enter, or press ? or * to list all spells.
Aiming: Agony
Press: ? - help, Shift-Dir - straight line, f/p - two-headed ogre
Aim: a two-headed ogre, wielding two giant clubs (flame, moderately wounded, chance to defeat MR: 72%)
You miscast Agony.
You are very lightly contaminated with residual magic.
Your flesh rots away!
Casting: Agony
Confirm with . or Enter, or press ? or * to list all spells.
Aiming: Agony
Press: ? - help, Shift-Dir - straight line, f/p - two-headed ogre
Aim: a two-headed ogre, wielding two giant clubs (flame, moderately wounded, chance to defeat MR: 72%)
You miscast Agony.
You sense a malignant aura.
The two-headed ogre is engulfed in blazing flames.
The two-headed ogre hits you with a giant club!!
Ouch! That really hurt!
* * * LOW HITPOINT WARNING * * *
The two-headed ogre closely misses you.
Unknown command.
Casting: Agony
Confirm with . or Enter, or press ? or * to list all spells.
Aiming: Agony
Press: ? - help, Shift-Dir - straight line, f/p - two-headed ogre
Aim: a two-headed ogre, wielding two giant clubs (flame, moderately wounded, chance to defeat MR: 72%)
The two-headed ogre convulses!
The two-headed ogre is engulfed in blazing flames.
The two-headed ogre hits you with a giant club!
* * * LOW HITPOINT WARNING * * *
The two-headed ogre hits you with a giant club.
You die...

###.###.#.#.###..
................#
#..###.#.#.###.###
#.#...#.#...#...#
#.#.###.###.#...#
#...............#.#
#..####..###.#<...#
#..####.####.######
#..O@..........
#.#######.##########...
#>............... .....
#+#######.#######
##....
........O#######'##
.....
.........#.........
.............O.....
........##.#.......
...........#..?....


You could see a two-headed ogre.

Vanquished Creatures
  A two-headed ogre (D:8)
  Prince Ribbit (D:8)
  Menkaure (D:7)
  A water moccasin (D:5)
  3 black bears
  An ice beast (D:7)
  An eye of draining (D:7)
  3 sky beasts
  3 ogres
  A phantom (D:5)
  2 bullfrogs (D:6)
  A gnoll sergeant (D:7)
  A howler monkey (D:4)
  5 crimson imps
  2 quasits (D:6)
  A bullfrog zombie (D:7)
  4 hounds
  3 jellies
  A gnoll shaman (D:5)
  5 orc wizards
  A bullfrog skeleton (D:7)
  3 worker ants
  An iguana (D:6)
  2 hound skeletons (D:5)
  A worker ant zombie (D:7)
  14 gnolls
  5 adders
  2 shadow imps
  2 oozes
  An adder skeleton (D:5)
  2 worms
  2 dart slugs (D:1)
  4 leopard geckos
  18 orcs
  12 bats
  2 bat zombies (D:3)
  7 giant cockroaches
  4 goblins (D:1)
  5 hobgoblins
  5 jackals (D:1)
  A quokka (D:5)
  A ball python (D:2)
  2 frilled lizards
  9 kobolds
  A leopard gecko zombie (D:6)
  A quokka skeleton (D:6)
  12 rats
161 creatures vanquished.

Vanquished Creatures (collateral kills)
  An ogre (D:4)
  A worker ant (D:7)
  An orc (D:2)
3 creatures vanquished.

Grand Total: 164 creatures vanquished

Notes
Turn   | Place    | Note
-------+----------+-------------------------------------------
     0 | D:1      | Amnesiac the Deep Elf Wizard began the quest for the Orb.
     0 | D:1      | Reached XP level 1. HP: 10/10 MP: 7/7
    76 | D:1      | Reached skill level 1 in Fighting
   315 | D:1      | Reached XP level 2. HP: 14/16 MP: 2/9
   324 | D:1      | Learned a level 2 spell: Blink
   327 | D:1      | Learned a level 2 spell: Call Imp
   873 | D:1      | Reached XP level 3. HP: 21/21 MP: 4/11
   886 | D:1      | Learned a level 3 spell: Conjure Flame
   890 | D:1      | Learned a level 3 spell: Mephitic Cloud
  1684 | D:2      | Reached XP level 4. HP: 21/27 MP: 0/12
  1791 | D:2      | Found a blossoming altar of Fedhas.
  2842 | D:3      | Reached skill level 5 in Spellcasting
  2842 | D:3      | Reached XP level 5. HP: 25/32 MP: 5/14
  3003 | D:2      | Found an iron altar of Okawaru.
  3073 | D:3      | Found a hazy altar of Hepliaklqana.
  3098 | D:3      | Found an ancient bone altar of Kikubaaqudgha.
  3644 | D:4      | Noticed an ogre
  3648 | D:4      | Noticed an ogre
  3678 | D:4      | Killed an ogre
  3678 | D:4      | Reached XP level 6. HP: 15/38 MP: 4/15
  4454 | D:5      | Entered Level 5 of the Dungeon
  4510 | D:5      | Found a stormy altar of Qazlal.
  4521 | D:5      | Reached XP level 7. HP: 44/44 MP: 11/16
  4583 | D:5      | Reached skill level 5 in Fighting
  4583 | D:5      | Reached skill level 5 in Dodging
  4893 | D:5      | Found a shattered altar of Ashenzari.
  4919 | D:5      | Found a hide-covered altar of Uskayaw.
  5318 | D:5      | Reached XP level 8. HP: 22/50 MP: 7/17
  5353 | D:5      | Found a staircase to the Ecumenical Temple.
  5505 | Temple   | Entered the Ecumenical Temple
  5561 | Temple   | Became a worshipper of Sif Muna the Loreminder
  5595 | D:5      | Reached skill level 5 in Conjurations
  5752 | D:6      | Reached skill level 6 in Spellcasting
  5823 | D:6      | Found an iron altar of Okawaru.
  5977 | D:6      | Got a faintly glowing trident
  5979 | D:6      | Found a sparkling altar of Nemelex Xobeh.
  5989 | D:6      | Reached skill level 7 in Spellcasting
  6190 | D:6      | Reached * piety under Sif Muna
  6190 | D:6      | Reached skill level 8 in Spellcasting
  6486 | D:5      | Reached skill level 9 in Spellcasting
  6884 | D:7      | Reached skill level 10 in Spellcasting
  6930 | D:7      | Reached XP level 9. HP: 54/54 MP: 4/25
  6962 | D:7      | Identified the Disquisition on Assistive Darkness
  6973 | D:7      | Learned a level 5 spell: Agony
  6979 | D:7      | Learned a level 5 spell: Dispel Undead
  7070 | D:7      | Found a glowing golden altar of the Shining One.
  7388 | D:7      | Reached ** piety under Sif Muna
  7388 | D:7      | Reached skill level 11 in Spellcasting
  7470 | D:7      | Noticed Menkaure
  7478 | D:7      | Killed Menkaure
  8082 | D:8      | Noticed Prince Ribbit
  8090 | D:8      | Killed Prince Ribbit
  8090 | D:8      | Reached skill level 12 in Spellcasting
  8163 | D:8      | Noticed a two-headed ogre
  8187 | D:8      | Killed a two-headed ogre
  8187 | D:8      | Reached skill level 13 in Spellcasting
  8268 | D:8      | Noticed a two-headed ogre
  8286 | D:8      | Slain by a two-headed ogre

Vault maps used:
D:1:      dpeg_arrival_rooms_with_view, serial_bayou_ford_a
D:2:      lemuel_upstairs_altar, fedhas_altar_4, minmay_pentomino_x4
D:3:      lemuel_round_altar, lemuel_zombie_altar_kikubaaqudgha,
          minmay_crystal_room
D:4:      minmay_misc_feat_room, hangedman_abyss_or_decor_passed
D:5:      cheibrodos_ashenzari_chains, nicolae_overflow_crystal_walls,
          kennysheep_mini_moat, minmay_temple_entry_overgrown, first_bread
D:6:      kennysheep_little_box, serial_glass, glass_columns_a, glass_columns_c,
          nemelex_xobeh_ov_fountains_minmay
D:7:      overflow_temple_1_default, uniq_menkaure
D:8:      serial_shops, shop, blue_anna_alchemist, roderic_batcave,
          minmay_misc_feat_roman, uniq_prince_ribbit1, uniq_pikel
Temple:   jpeg_temple_clearing

Skill      XL: |  1  2  3  4  5  6  7  8  9 |
---------------+----------------------------+-----
Fighting       | 1 2 3 4 5 |  5.5
Dodging        | 3 4 5 |  5.6
Spellcasting   | 5 10 13 | 13.7
Conjurations   | 2 3 4 5 |  5.0
Stealth        | |  2.4
Summonings     | |  1.1
Translocations | |  1.1

Action                   |  1- 3 |  4- 6 |  7- 9 || total
-------------------------+-------+-------+-------++-------
Melee: Unarmed           |    19 |       |       ||    19
       Hunting sling     |       |       |     5 ||     5
 Fire: Hunting sling     |       |    39 |   160 ||   199
Throw: Throwing net      |       |       |     1 ||     1
 Cast: Magic Dart        |   107 |   147 |   254 ||   508
       Blink             |     1 |       |     1 ||     2
       Mephitic Cloud    |       |     7 |    17 ||    24
       Call Imp          |       |     4 |     1 ||     5
       Conjure Flame     |       |       |    14 ||    14
       Agony             |       |       |     3 ||     3
Invok: Divine Energy     |       |       |     1 ||     1
  Use: Scroll            |     1 |       |       ||     1
  Eat: Chunk             |     2 |     9 |    12 ||    23
Armor: Robe              |    14 |     9 |    52 ||    75
Dodge: Dodged            |    43 |    42 |   177 ||   262
Block: Other             |       |       |    14 ||    14

Table legend:
 A = Spawn XP
 B = Non-spawn XP
 C = Spawn XP percentage of total XP
 D = Spawn monster count
 E = Non-spawn monster count
 F = Spawn count percentage of total count
 G = Total turns spent on level
                    A         B        C        D         E        F      G
               +---------+---------+-------+---------+---------+-------+---------
         Total |       0 |    4997 |   0.0 |       0 |     164 |   0.0 |  8286
               +---------+---------+-------+---------+---------+-------+---------
           D:1 |       0 |      64 |   0.0 |       0 |      33 |   0.0 |  1489
           D:2 |       0 |      93 |   0.0 |       0 |      27 |   0.0 |  1372
           D:3 |       0 |      86 |   0.0 |       0 |      17 |   0.0 |   613
           D:4 |       0 |     439 |   0.0 |       0 |      13 |   0.0 |  1058
           D:5 |       0 |    1182 |   0.0 |       0 |      25 |   0.0 |  1396
           D:6 |       0 |     761 |   0.0 |       0 |      23 |   0.0 |  1014
           D:7 |       0 |    1117 |   0.0 |       0 |      21 |   0.0 |  1073
           D:8 |       0 |    1255 |   0.0 |       0 |       5 |   0.0 |   204
               +---------+---------+-------+---------+---------+-------+---------
